 Dungeon Crawl Stone Soup version 0.29-a0-234-g0dae59b3db (webtiles) character file.

Game seed: 11520211572914718635

206 jlumianski the Chopper (level 5, -4/39 HPs)
             Began as a Demonspawn Gladiator on Mar 2, 2022.
             Succumbed to a gnoll's poison
             ... on level 3 of the Dungeon.
             The game lasted 00:09:24 (2872 turns).

jlumianski the Chopper (Demonspawn Gladiator)       Turns: 2872, Time: 00:09:25

Health: -4/39      AC: 13    Str: 16    XL:     5   Next: 53%
Magic:  1/5        EV: 10    Int:  9    God:
Gold:   146        SH:  0    Dex: 15    Spells: 4/4 levels left

rFire   . . .      SeeInvis .   s - +0 great sword
rCold   . . .      Faith    .   (shield currently unavailable)
rNeg    . . .      Spirit   +   n - +0 plate armour
rPois   .          Reflect  .   c - +0 helmet
rElec   .          Harm     .   (no cloak)
rCorr   .          Rampage  .   (no gloves)
Will    .....                   l - +0 pair of boots
Stlth   ..........              q - amulet of guardian spirit
HPRegen 0.13/turn               (no ring)
MPRegen 0.09/turn               (no ring)

@: agile, lethally poisoned (-4 -> -51)
A: powered by pain 1
a: no special abilities


You were on level 3 of the Dungeon.
You visited 1 branch of the dungeon, and saw 3 of its levels.

You collected 146 gold pieces.

Inventory:

Hand Weapons
 a - a +0 war axe
 f - a +2 hunting sling of flaming
 i - the +9 dagger "Coco" {vorpal, rN+}
   (You found it on level 2 of the Dungeon)

   It inflicts extra damage upon your enemies.
   rN:        It protects you from negative energy.
 s - a +0 great sword (weapon)
Missiles
 d - 3 throwing nets (quivered)
 g - 67 stones
Armour
 b - a +0 leather armour
 c - a +0 helmet (worn)
 l - a +0 pair of boots (worn)
 n - a +0 plate armour (worn)
Magical Staves
 h - a staff of cold
Jewellery
 q - an amulet of guardian spirit (around neck)
Scrolls
 m - a scroll of teleportation
 o - a scroll of immolation
Potions
 e - a potion of haste
 j - a potion of brilliance {unknown}
 k - a potion of mutation {unknown}
 p - a potion of magic {unknown}
 u - a potion of degeneration {unknown}
 v - 2 potions of curing {unknown}


   Skills:
 + Level 2.7 Fighting
 + Level 1.2(1.3) Short Blades
 + Level 0.7(1.1) Long Blades
 + Level 3.4 Axes
 + Level 1.0(1.5) Slings
 + Level 1.8(2.0) Throwing
 + Level 2.6 Armour
 + Level 3.1 Dodging
 + Level 0.4 Stealth


You had 4 spell levels left.
You didn't know any spells.
Your spell library was empty.

Dungeon Overview and Level Annotations

Branches:
Dungeon (3/15)

Altars:
Sif Muna
Wu Jian

Annotations:
D:3 2 transporters, spaghetti's ghost, amateur NaBe


Innate Abilities, Weirdness & Mutations

You sometimes gain a little power by taking damage.


Message History

Found a scroll of identify.
There is an open door here.
v - 2 fuming dark potions
w - a scroll of identify
As you read the scroll of identify, it crumbles to dust.
o - a scroll of immolation
As you read the scroll labelled TYIWNO UKHLORU, it crumbles to dust.
You hear a loud clanging noise!
It was a scroll of noise.
As you read the scroll labelled PAECZU WISY, it crumbles to dust.
You assume a fearsome visage.
Nothing appears to happen.
It was a scroll of fear.
There is an ornate altar of the Wu Jian Council here.
There is an open door here.
You enter the shallow water.
Moving in this stuff is going to be slow.
You now have 146 gold pieces (gained 15).
A gnoll comes into view. It is wielding a +2 halberd of venom.
The gnoll barely misses you.
A gnoll comes into view. It is wielding a +0 club.
The gnoll shouts!
You hear a shout!
The gnoll hits you with a +2 halberd of venom.
You are poisoned.
You hit the gnoll.
The gnoll is moderately wounded.
You feel very sick.
The gnoll hits you with a +2 halberd of venom.
You are more poisoned.
The gnoll hits you with a +2 halberd of venom!
You are lethally poisoned!
You hit the gnoll but do no damage.
The gnoll is moderately wounded.
You focus on the pain.
You feel agile all of a sudden.
You feel extremely sick. The gnoll barely misses you.
The gnoll hits you with a +2 halberd of venom!
* * * LOW HITPOINT WARNING * * *
You are more poisoned.
You die...

... .. 8.8 #. .. #. ##.#
#. #.... #.# ## #..#. 8.8
######. #..#.####.#
....... #.##....#.#
######. .#..≈..#..# ##
...≈≈≈g...# ###.?g..@.##+#
#####...............#
##≈≈≈≈≈..##......##..#
#≈≈≈≈≈≈≈≈.#.##...##..#
≈≈≈≈≈≈...#.##...##..#
≈≈≈≈≈≈≈#.##...##..#####
#####.≈≈≈.#.##.....>.....#
#.#..≈≈≈≈≈#.##.#.#...###.#
#.#..≈≈≈≈.#.##.#.#...# #.#


You could see 2 gnolls.

Vanquished Creatures
  A black bear (D:3)
  2 adders (D:2)
  3 gnolls (D:2)
  2 worms (D:2)
  A dart slug (D:1)
  6 ball pythons
  7 bats
  4 endoplasms
  2 giant cockroaches
  4 goblins (D:1)
  4 hobgoblins
  2 jackals (D:1)
  6 kobolds
  3 quokkas (D:1)
  A frilled lizard (D:1)
  4 rats
52 creatures vanquished.

Notes
Turn   | Place    | Note
-------+----------+-------------------------------------------
     0 | D:1      | jlumianski the Demonspawn Gladiator began the quest for the
                  | Orb.
     0 | D:1      | Reached XP level 1. HP: 16/16 MP: 1/1
   147 | D:1      | Gained mutation: You sometimes gain a little power by
                  | taking damage. [demonic ancestry]
   147 | D:1      | Reached XP level 2. HP: 22/22 MP: 2/2
   456 | D:1      | Reached XP level 3. HP: 16/28 MP: 3/3
  1048 | D:2      | Identified the +9 dagger "Coco" {vorpal, rN+}
  1354 | D:2      | Reached skill level 1 in Slings
  1354 | D:2      | Reached skill level 1 in Armour
  1463 | D:2      | Reached XP level 4. HP: 34/34 MP: 4/4
  2481 | D:3      | Found a transporter.
  2482 | D:3      | Noticed spaghetti's ghost (amateur NaBe)
  2482 | D:3      | Noticed an ogre
  2483 | D:3      | Found a transporter.
  2501 | D:3      | Found a faded altar of an unknown god.
  2527 | D:3      | Noticed a black bear
  2535 | D:3      | Killed a black bear
  2536 | D:3      | Reached skill level 1 in Short Blades
  2536 | D:3      | Reached XP level 5. HP: 33/39 MP: 5/5
  2683 | D:3      | Found a shimmering blue altar of Sif Muna.
  2781 | D:3      | Found an ornate altar of the Wu Jian Council.
  2872 | D:3      | Succumbed to a gnoll's poison

Illustrated notes

Levels and vault maps discovered:
D:1:      ebering_trefoil_twist, layout_loops_cross
D:2:      layout_loops_ring, amethyst_killhole, minmay_tall_x
D:3:      layout_loops_ring, nicolae_wu_jian_immortal_techniques,
          mainiacjoe_overflow_tiny_flanked,
          hellmonk_ecumenical_altar_crossroads, serial_rivers,
          chequers_serial_rivers_micro_d, chequers_serial_rivers_small_b,
          chequers_serial_rivers_small_b, chequers_serial_rivers_large_a,
          chequers_serial_rivers_small_a, gammafunk_ghost_smash,
          dk_noncrumbling_2

Skill      XL: |  1  2  3  4 |
---------------+-------------+-----
Axes           | 3 |  3.4
Dodging        | 3 |  3.1
Slings         | 1 |  1.0
Armour         | 1 2 |  2.6
Short Blades   | 1 |  1.2
Fighting       | |  2.7
Long Blades    | |  0.7
Throwing       | |  1.8
Stealth        | |  0.4

Action                   |  1- 3 |  4- 6 || total
-------------------------+-------+-------++-------
Melee: War axe           |    51 |       ||    51
       Dagger            |    34 |    16 ||    50
       Great sword       |       |    27 ||    27
 Fire: Hunting sling     |    28 |       ||    28
  Use: Scroll            |     2 |     4 ||     6
 Stab: Sleeping          |     1 |       ||     1
Armor: Leather armour    |    36 |       ||    36
       Plate armour      |    10 |    46 ||    56
Dodge: Dodged            |    78 |    18 ||    96

Table legend: (Time is in decaauts)
 A = Elapsed time spent in this place.
 B = Non-inter-level travel time spent in this place.
 C = Inter-level travel time spent in this place.
 D = Time resting spent in this place.
 E = Time spent auto-exploring this place.
 F = Levels seen in this place.
 G = Mean time per level.
                   A        B        C        D        E       F      G
               +--------+--------+--------+--------+--------+-----+--------+
         Total |   2931 |   2878 |     53 |    480 |   1547 |   3 |  977.0 |
       Dungeon |   2931 |   2878 |     53 |    480 |   1547 |   3 |  977.0 |
               +--------+--------+--------+--------+--------+-----+--------+

Top non-repeatable levels by time:
     D:1: 1340 daAuts
     D:2: 1046 daAuts
     D:3: 544 daAuts
